 Dungeon Crawl Stone Soup version 0.19-a0-1008-g4c63d25 (webtiles) character file.

43 mistymad the Skirmisher (level 3, 0/30 HPs)
             Began as a Formicid Abyssal Knight on July 22, 2016.
             Was a Follower of Lugonu.
             Slain by a gnoll
             ... wielding a +0 flail
              (10 damage)
             ... on level 1 of the Dungeon.
             The game lasted 00:01:57 (1210 turns).

mistymad the Skirmisher (Formicid Abyssal Knight)   Turns: 1210, Time: 00:01:57

Health: 0/30       AC:  3    Str: 17    XL:     3   Next: 82%
Magic:  4/4        EV: 11    Int: 11    God:    Lugonu [*.....]
Gold:   66         SH:  0    Dex: 10    Spells: 0 memorised, 2 levels left

rFire  . . .     SeeInvis +     a - +1 hand axe
rCold  . . .     Gourm    .     b - +0 leather armour
rNeg   . . .     Faith    .     (no shield)
rPois  .         Spirit   .     (helmet unavailable)
rElec  .         Dismiss  .     (no cloak)
rCorr  .         Reflect  .     (no gloves)
SustAt .         Harm     .     (no boots)
MR     .....                    (no amulet)
Stlth  +.........               (no ring)
                                (no ring)

@: not resistant to hostile enchantments, very unstealthy
A: permanent stasis, dig shafts and tunnels, four strong arms, antennae 3
a: Dig, Shaft Self, Depart the Abyss, Renounce Religion


You were on level 1 of the Dungeon.
You worshipped Lugonu.
Lugonu was aware of your devotion.
You were not hungry.

You visited 1 branch of the dungeon, and saw 2 of its levels.
You visited the Abyss 1 time.

You collected 66 gold pieces.

Inventory:

Hand Weapons
 a - a +1 hand axe (weapon)
Armour
 b - a +0 leather armour (worn)
Jewellery
 h - an uncursed ring of protection from fire {unknown}
 l - an uncursed ring of resist corrosion {unknown}
Scrolls
 d - a scroll of identify {unknown}
 g - a scroll of enchant armour {unknown}
 j - a scroll of teleportation {unknown}
Potions
 e - a potion of curing {unknown}
 f - 2 potions of mutation {unknown}
 i - a potion of ambrosia {unknown}
Comestibles
 c - a bread ration
 k - a slice of pizza


   Skills:
 + Level 3.7 Fighting
 + Level 2.8 Axes
 + Level 3.1 Armour
 - Level 0.8 Dodging
 - Level 2.1 Invocations


You had 2 spell levels left.
You didn't know any spells.

Dungeon Overview and Level Annotations

Branches:
Dungeon (2/15)

Altars:


Innate Abilities, Weirdness & Mutations

You are under a permanent stasis effect.
You can dig through walls and to a lower floor.
Your four strong arms can wield two-handed weapons with a shield.
You have a pair of large antennae on your head. (SInv)


Message History

A gnoll comes into view. It is wielding a flail.
The gnoll shouts!
A gnoll is nearby!
A gnoll comes into view. It is wielding a flail.
The gnoll shouts!
A gnoll comes into view. It is wielding a whip.
All of the chunks of flesh in your inventory have rotted away.
The gnoll hits you with a flail!
You take 8 damage, and have 22/30 hp.
MASSIVE DAMAGE!!
There is a stone staircase leading up here.
The gnoll hits you with a flail!
* * * LOW HITPOINT WARNING * * *
You climb upwards.
There is a stone staircase leading down here.
You take 12 damage, and have 10/30 hp.
MASSIVE DAMAGE!!
Unknown command.
You enter the shallow water.
Moving in this stuff is going to be slow.
The gnoll hits you with a flail!
You die...

≈≈≈P≈≈≈≈≈≈≈≈≈≈P≈≈≈♣≈≈♣♣..#
≈≈≈≈≈≈≈≈≈≈≈≈≈≈≈≈≈P♣P≈≈♣♣.#
≈P≈≈≈≈≈≈≈≈≈≈≈≈≈≈≈≈P≈≈≈P♣.#
≈♣≈≈≈≈≈≈≈≈≈≈≈≈≈≈≈≈≈P≈≈P♣.#
P≈≈≈≈≈≈≈≈≈≈≈≈≈≈P≈≈PP≈≈≈#.#
≈≈♣≈≈≈≈≈≈≈≈≈≈≈≈P≈P≈≈≈≈...#
≈P≈♣P≈♣≈≈≈≈≈≈≈≈≈≈≈♣♣♣..###
♣♣P≈≈≈≈≈≈≈≈≈P≈♣♣≈♣≈....#
#♣≈♣≈♣♣♣≈♣≈≈♣P≈♣@≈..#..#
.....≈≈≈♣♣≈♣≈≈.#g.#.#..#
######............#.#..#
.....#.####..#....#.#..#
####.#.#..#..#....#.#..#
...........>.#..#.#.#..#
####'###..#.....#.#.#..####
.......#..#..#..#.#.......#
.....♣P...#..#.##.###..##.#


You could see a gnoll.

Vanquished Creatures
  An adder (D:1)
  An ooze (D:1)
  A dart slug (D:1)
  2 bats (D:1)
  3 giant cockroaches (D:1)
  5 goblins (D:1)
  4 hobgoblins (D:1)
  3 kobolds (D:1)
  A giant newt (D:1)
  4 rats (D:1)
25 creatures vanquished.

Notes
Turn   | Place    | Note
-------+----------+-------------------------------------------
     0 | Abyss:1  | mistymad the Formicid Abyssal Knight began the quest for the Orb.
     0 | Abyss:1  | Reached XP level 1. HP: 18/18 MP: 2/2
     0 | D:1      | Escaped the Abyss
   114 | D:1      | Reached XP level 2. HP: 23/24 MP: 3/3
   496 | D:1      | Reached * piety under Lugonu
   525 | D:1      | Reached XP level 3. HP: 23/29 MP: 4/4
  1210 | D:1      | Slain by a gnoll

Vault maps used:
D:1:      minmay_arrival_widening_spiral_wide, serial_bayou,
          serial_bayou_pond_e, serial_bayou_ford_a, serial_bayou_pond_e,
          serial_bayou_lagoon_a, serial_bayou_lake_a, minmay_distorted
D:2:      minmay_wonky_spiral, first_bread, trog_hazing_becter

Skill      XL: |  1  2  3 |
---------------+----------+-----
Armour         | 3 |  3.1
Fighting       | |  3.7
Axes           | |  2.8
Dodging        | |  0.8
Invocations    | |  2.1

Action                   || total
-------------------------++-------
Melee: Hand axe          ||    84
Invok: Depart the Abyss  ||     1
  Eat: Chunk             ||     1
Armor: Leather armour    ||    23
Dodge: Dodged            ||    58
